 Dungeon Crawl Stone Soup version 0.28.0 (webtiles) character file.

Game seed: 5400714440520759476

5 shoop the Scratcher (level 1, 0/9 HPs)
             Began as a Felid Transmuter on Feb 15, 2022.
             Killed from afar by a dart slug (5 damage)
             ... with a slug dart
             ... on level 1 of the Dungeon.
             The game lasted 00:00:37 (405 turns).

shoop the Scratcher (Felid Transmuter)               Turns: 405, Time: 00:00:38

Health: 0/9        AC:  1    Str:  6    XL:     1   Next: 66%
Magic:  3/4        EV: 17    Int: 14    God:
Gold:   34         SH:  0    Dex: 16    Spells: 3/4 levels left
                                        Lives:  0   Deaths: 0

rFire   . . .      SeeInvis +     - Unarmed
rCold   . . .      Faith    .   (shield unavailable)
rNeg    . . .      Spirit   .   (armour unavailable)
rPois   .          Reflect  .   (helmet unavailable)
rElec   .          Harm     .   (cloak unavailable)
rCorr   .          Rampage  .   (gloves unavailable)
Will    .....                   (boots unavailable)
Stlth   ++........              (no amulet)
HPRegen 0.03/turn               (no ring)
MPRegen 0.09/turn               (no ring)

@: appendages (expiring), quick
A: horns 2, very small, claws 1, fangs 3, see invisible, speed 1, shaggy fur 1,
stealthy paws, no weapons or thrown items, no armour, multi-lived
a: End Transformation


You were on level 1 of the Dungeon.
You had temporarily grown beastly horns.
You visited 1 branch of the dungeon, and saw 1 of its levels.

You collected 34 gold pieces.

Inventory:

Scrolls
 a - a scroll of identify {unknown}
 c - a scroll of blinking {unknown}
Potions
 b - a potion of might {unknown}


   Skills:
 + Level 1.1 Fighting
 + Level 2.8 Dodging
 + Level 0.6 Stealth
 * Level 3.1 Unarmed Combat
 - Level 2.0 Spellcasting
 - Level 2.1 Transmutations


You had 3 spell levels left.
You knew the following spells:

 Your Spells              Type           Power      Damage    Failure   Level
a - Beastly Appendage     Tmut           14%        N/A       10%         1

Your spell library contained the following spells:

 Spells                   Type           Power      Damage    Failure   Level
 Wereblood                Tmut           7%         N/A       14%         2
 Spider Form              Tmut/Pois      4%         N/A       41%         3
 Ice Form                 Ice/Tmut       4%         N/A       83%         4


Dungeon Overview and Level Annotations

Branches:
Dungeon (1/15)

Altars:


Innate Abilities, Weirdness & Mutations

You have temporarily grown beastly horns.
You have sharp claws.
You have razor-sharp teeth.
You have supernaturally acute eyesight. (SInv)
You cover ground quickly. (Speed+)
You are covered in fur. (AC +1)
Your paws help you pounce on unaware monsters.
You are incapable of wielding weapons or throwing items.
You cannot wear armour.
You gain extra lives every three experience levels.


Message History

2 hobgoblins come into view.
The hobgoblin shouts!
You start waiting.
A hobgoblin is nearby!
Casting: Beastly Appendage (safe; 10% risk of failure)
Confirm with . or Enter, or press ? or * to list all spells.
You grow a pair of large bovine horns.
The hobgoblin hits you.
You scratch the hobgoblin.
You headbutt the hobgoblin, but do no damage.
The hobgoblin is moderately wounded.
The hobgoblin misses you.
You scratch the hobgoblin.
You kill the hobgoblin!
No target in view!
No target in view!
Your transformation is almost over.
Magic restored.
Your horns disappear.
HP restored.
You now have 34 gold pieces (gained 18).
A goblin comes into view. It is wielding a +0 club.
The goblin shouts!
Casting: Beastly Appendage (safe; 10% risk of failure)
Confirm with . or Enter, or press ? or * to list all spells.
You grow a pair of large bovine horns.
A dart slug comes into view.
You closely miss the goblin. The goblin closely misses you.
You scratch the goblin.
You kill the goblin!
The dart slug launches a dart at you. The slug dart misses you.
A frilled lizard comes into view.
The dart slug launches a dart at you. The slug dart hits you.
The frilled lizard hisses angrily.
Your transformation is almost over.
The dart slug launches a dart at you. The slug dart hits you.
Ouch! That really hurt!
You die...

.......# #..#
.........# #....
#........##....#
....#......l.w.
#............# #...
............#.. ....#
#............ ....
#......### ....##
#)@......#
#..####......#..#
#........#...# . ###
#........##### #.#
#........## ##.###
#.........## ..<..+
#.......#..##
##.#######.##.......##
.........#........#..#


You could see a dart slug and a frilled lizard.

Vanquished Creatures
  An endoplasm (D:1)
  A goblin (D:1)
  A hobgoblin (D:1)
  A kobold (D:1)
  A rat (D:1)
5 creatures vanquished.

Notes
Turn   | Place    | Note
-------+----------+-------------------------------------------
     0 | D:1      | shoop the Felid Transmuter began the quest for the Orb.
     0 | D:1      | Reached XP level 1. HP: 9/9 MP: 4/4
   405 | D:1      | Killed from afar by a dart slug

Illustrated notes

Levels and vault maps discovered:
D:1:      shiori_shiawase, layout_rooms

Action                   || total
-------------------------++-------
Melee: Unarmed           ||     9
       Headbutt          ||     2
       Bite              ||     1
 Cast: Beastly Appendage ||     4
 Stab: Sleeping          ||     1
Dodge: Dodged            ||     5
